Map: Orbital Shipyard

Players

MoonMan - Winner!

  • Race: Terran Terran
  • League: Gold

capac

  • Race: Terran Terran
  • League: Gold

VOD

Have the link to the VOD?

Description

Time

  • Played on: March 6, 2016, 1:56 p.m.
  • Length: 51:08
Show
View Real Time Build Order
Export as new Build Order

MoonMan Terran - Winner!

Build Orders:  

Get SALT Encoding   

  12  0:05  SCV  
  13  0:16  Supply Depot  
  13  0:18  SCV  
  14  0:30  SCV  
  15  0:39  Barracks  
  15  0:46  SCV  
  15  0:47  Refinery  
  16  0:58  SCV  
  17  1:04  Barracks  
  17  1:10  SCV  
  18  1:16  Supply Depot  
  18  1:22  SCV  
  19  1:29  Refinery  
  19  1:33  Reaper  
  19  1:35  SCV  
  21  1:50  Barracks  
  21  1:52  SCV  
  22  1:55  Reaper  
  23  2:06  SCV  
  24  2:10  Supply Depot  
  24  2:11  Reaper  
  25  2:22  Orbital Command  
  25  2:27  Reaper  
  26  2:37  Reaper  
  26  2:40  Supply Depot  
  26  2:43  Reaper  
  28  2:59  Reaper  
  28  3:09  Reaper  
  29  3:15  Reaper  
  30  3:28  Command Center  
  30  3:31  Reaper  
  30  3:52  Reaper x2  
  30  4:04  Reaper  
  29  4:24  Reaper  
  29  4:25  Reaper  
  29  4:30  SCV  
  32  4:31  Factory  
  32  4:36  Reaper  
  33  4:39  Supply Depot  
  33  4:42  Supply Depot, SCV  
  33  4:44  SCV  
  35  4:54  SCV  
  35  4:56  Marine, SCV  
  36  5:08  SCV  
  37  5:14  Marine  
  37  5:19  Factory Tech Lab  
  37  5:20  Marine x2  
  37  5:21  Starport  
  40  5:24  Engineering Bay  
  39  5:32  Marine  
  36  5:38  Marine  
  37  5:45  Siege Tank  
  40  5:55  Barracks Tech Lab  
  40  6:04  Factory  
  40  6:08  SCV  
  40  6:10  Refinery  
  41  6:12  Refinery  
  41  6:18  Siege Tank  
  44  6:20  SCV  
  44  6:22  Starport Reactor  
  45  6:32  SCV  
  46  6:41  Liberator  
  46  6:42  Liberator  
  46  6:44  SCV  
  46  6:47  Missile Turret  
  47  6:49  Missile Turret  
  47  6:52  Missile Turret  
  53  7:07  SCV  
  54  7:19  SCV  
  55  7:30  Liberator  
  55  7:34  Missile Turret  
  54  7:44  Widow Mine, Siege Tank  
  62  7:54  SCV  
  63  8:01  Marine x2  
  63  8:03  Stimpack  
  63  8:04  Command Center  
  65  8:06  SCV  
  66  8:13  Widow Mine  
  66  8:18  SCV  
  69  8:30  SCV  
  70  8:38  Marine x2, Siege Tank  
  75  8:43  Supply Depot, SCV  
  75  9:10  Siege Tank  
  62  9:43  Siege Tank, Liberator  
  59  10:01  Viking  
  59  10:04  Marine  
  59  10:05  Marine x2  
  64  10:15  Siege Tank  
  64  10:16  Orbital Command  
  67  10:22  Marine x2  
  67  10:23  Missile Turret  
  69  10:31  Viking  
  71  10:58  Terran Infantry Weapons Level 1  
  71  10:59  Missile Turret  
  71  11:00  Combat Shields  
  71  11:01  Marine x3  
  71  11:03  SCV  
  75  11:13  SCV  
  75  11:15  SCV  
  77  11:19  Refinery, Marine x3  
  77  11:24  Widow Mine  
  77  11:25  SCV  
  83  11:27  SCV  
  84  11:36  Marine  
  84  11:37  Marine, Liberator  
  84  11:39  SCV  
  86  11:50  Marine, Siege Tank  
  86  11:51  SCV  
  91  11:54  Marine  
  95  12:03  SCV  
  97  12:08  SCV  
  97  12:12  Refinery  
  97  12:15  SCV  
  98  12:20  SCV  
  99  12:27  SCV  
  100  12:32  SCV  
  100  12:35  Missile Turret  
  101  12:40  Refinery  
  101  12:47  Supply Depot  
  101  12:49  Supply Depot  
  101  12:51  Supply Depot  
  101  13:05  Supply Depot  
  101  13:09  SCV x2  
  97  13:21  SCV x2  
  99  13:29  Liberator x2  
  99  13:33  SCV  
  100  13:45  SCV  
  104  14:08  Marine  
  104  14:09  Marine x2  
  107  14:11  Liberator  
  104  14:18  Missile Turret  
  104  14:26  Marine x2  
  104  14:27  Marine  
  104  14:29  Viking  
  104  14:30  Supply Depot  
  109  14:44  Starport, Marine x3  
  109  14:59  Viking  
  111  15:02  Marine x3  
  114  15:09  SCV  
  114  15:11  Medivac  
  114  15:13  Widow Mine, Supply Depot  
  119  15:14  Siege Tank  
  119  15:15  Starport  
  119  15:20  Marine x3  
  125  15:21  SCV  
  120  15:29  Medivac  
  122  15:38  Marine x3  
  122  15:42  Widow Mine  
  97  16:34  Marine x3  
  97  16:44  Liberator x2  
  95  16:52  Marine x3  
  98  16:59  Widow Mine  
  98  17:00  Siege Tank  
  102  17:03  Liberator  
  108  17:15  Barracks  
  108  17:19  Armory  
  108  17:20  Engineering Bay  
  111  17:24  Marine x2  
  111  17:25  Marine  
  111  17:27  Widow Mine, Liberator x2  
  116  17:31  Terran Infantry Armor Level 1  
  116  17:32  Siege Tank  
  119  17:40  Barracks  
  119  17:42  Marine x3  
  122  17:46  Liberator  
  128  17:56  Widow Mine  
  127  18:00  Marine x3  
  130  18:18  Marine x3  
  126  18:27  Liberator x2  
  125  18:35  Marine  
  125  18:36  Marine  
  127  18:45  Widow Mine  
  127  18:47  Siege Tank  
  138  18:50  Barracks Reactor  
  131  19:14  Widow Mine  
  123  19:19  Siege Tank  
  110  19:43  Liberator  
  110  19:45  Liberator x2, Orbital Command  
  106  19:58  Marine x3  
  109  20:03  Siege Tank  
  121  20:09  Marine x2  
  121  20:11  SCV  
  121  20:15  Marine  
  121  20:16  Marine x2  
  121  20:20  Missile Turret  
  124  20:23  SCV  
  124  20:26  Liberator  
  124  20:27  Marine  
  126  20:29  Command Center  
  126  20:33  Marine  
  126  20:35  Siege Tank, SCV  
  120  20:47  SCV  
  123  20:59  SCV  
  121  21:07  Marine x3  
  121  21:09  Liberator  
  122  21:11  Marine x2  
  122  21:12  SCV  
  125  21:24  Marine, SCV  
  125  21:25  Marine x2  
  132  21:37  SCV  
  84  22:02  Liberator  
  84  22:09  Marine x3  
  84  22:11  Marine x2  
  84  22:13  SCV  
  84  22:15  Missile Turret  
  93  22:25  SCV  
  93  22:27  Marine x3  
  93  22:29  Marine  
  98  22:37  SCV, Missile Turret  
  98  22:40  Medivac  
  101  22:44  Marine  
  101  22:45  Marine x2  
  101  22:50  SCV  
  90  23:02  Marine, SCV  
  82  23:11  Liberator  
  70  23:13  Marine x2  
  70  23:15  Medivac  
  74  23:25  Marine x2  
  76  23:31  Marine x2  
  78  23:42  Marine x2  
  75  24:00  Marine  
  72  24:11  SCV  
  72  24:14  Supply Depot, Barracks  
  72  24:16  Marine x2  
  75  24:19  Barracks  
  75  24:21  Barracks  
  75  24:23  SCV  
  76  24:34  Marine x2  
  78  24:40  Refinery  
  78  24:42  Refinery  
  78  24:52  Marine x2  
  80  25:05  Missile Turret  
  80  25:07  Starport  
  77  25:09  Marine  
  77  25:10  Marine  
  77  25:27  Marine  
  75  25:38  Planetary Fortress  
  75  25:44  Medivac  
  75  25:48  Refinery  
  77  25:50  Refinery, Marine x5  
  77  25:54  Medivac  
  77  25:56  Barracks  
  84  25:58  Factory Tech Lab  
  84  26:07  Marine  
  84  26:08  Marine x3  
  88  26:14  Medivac  
  90  26:21  Marine  
  90  26:24  Command Center  
  91  26:25  Marine x2  
  91  26:32  Marine, Missile Turret  
  93  26:39  SCV  
  95  26:45  Marine  
  95  26:46  Marine  
  97  26:51  Supply Depot  
  97  27:00  SCV  
  97  27:01  Missile Turret  
  99  27:08  SCV  
  99  27:12  Terran Infantry Weapons Level 2, SCV  
  100  27:18  Engineering Bay  
  100  27:21  Supply Depot  
  100  27:23  Supply Depot  
  100  27:28  Medivac  
  102  27:30  Medivac  
  104  27:57  Marine  
  104  27:58  Medivac  
  107  28:00  Medivac  
  109  28:07  Terran Vehicle Weapons Level 1  
  109  28:08  Marine  
  109  28:09  Marine x4  
  114  28:14  Marine  
  115  28:31  Marine x4  
  115  28:32  Marine  
  120  28:37  Command Center  
  120  28:50  Marine  
  106  29:43  Marine x5  
  106  29:44  Marine  
  112  29:46  Terran Infantry Weapons Level 3  
  112  29:47  Terran Infantry Armor Level 2  
  91  29:59  Planetary Fortress  
  90  30:01  Missile Turret  
  90  30:07  Marine x4  
  94  30:24  Supply Depot  
  94  30:26  Missile Turret  
  94  30:47  Marine x4  
  98  30:57  Medivac  
  75  31:27  Medivac  
  75  31:42  Marine x6  
  75  31:45  SCV  
  75  31:46  SCV  
  79  31:57  SCV  
  79  31:59  Marine x2  
  79  32:00  Marine x4, Missile Turret  
  86  32:02  Siege Tank  
  89  32:09  Missile Turret  
  89  32:12  Missile Turret  
  89  32:13  SCV  
  87  32:28  Marine  
  88  32:34  Marine x2  
  88  32:36  Barracks  
  88  32:37  Barracks  
  88  32:46  Marine  
  88  33:03  Marine  
  88  33:04  Orbital Command  
  84  33:12  Marine x3  
  85  33:17  Siege Tank  
  90  33:21  SCV  
  91  33:33  SCV  
  92  33:51  Liberator  
  65  34:05  Marine  
  65  34:06  Marine x6  
  72  34:24  Marine  
  67  34:34  Marine  
  67  34:35  Siege Tank  
  56  34:52  Marine  
  60  34:58  Marine x2  
  58  35:02  Barracks  
  54  35:07  Siege Tank, Orbital Command  
  54  35:10  Marine  
  54  35:12  SCV  
  56  35:24  Supply Depot, SCV  
  57  35:39  Siege Tank  
  60  35:43  Barracks  
  58  36:11  Siege Tank  
  54  36:40  Command Center  
  54  36:43  Starport  
  54  36:50  Barracks, Marine x2  
  54  36:51  Barracks  
  54  36:52  Barracks, Marine  
  57  36:59  SCV  
  58  37:08  Marine x2  
  58  37:10  Marine  
  58  37:11  SCV  
  62  37:23  SCV  
  62  37:26  Marine  
  63  37:35  SCV  
  64  37:47  Marine  
  64  37:49  Marine x2  
  66  37:53  Marine  
  66  37:56  SCV  
  65  38:02  Armory  
  65  38:04  Marine  
  66  38:08  SCV  
  66  38:10  Widow Mine  
  66  38:11  Marine  
  67  38:15  Viking  
  69  38:20  SCV  
  69  38:22  Marine  
  69  38:27  Orbital Command, Command Center  
  69  38:29  Marine  
  69  38:32  Marine x2, SCV  
  73  38:39  Widow Mine  
  73  38:40  Marine x3  
  78  38:44  Supply Depot, SCV  
  78  38:45  Supply Depot  
  81  38:49  Marine  
  81  38:51  Supply Depot  
  81  38:52  Starport Reactor  
  78  38:58  Marine x2  
  66  39:07  Marine  
  64  39:16  Marine  
  32  40:34  Medivac x2  
  32  40:35  Marine x2  
  32  40:36  Siege Tank  
  32  40:37  Marine x3  
  32  40:38  Marine  
  37  40:52  Marine  
  38  41:08  Siege Tank  
  39  41:20  Orbital Command  
  39  41:47  SCV  
  40  41:59  SCV  
  41  42:12  SCV  
  42  42:24  SCV  
  43  42:36  SCV  
  44  42:38  Marine x3  
  44  42:39  Marine  
  44  42:40  Marine  
  49  43:38  SCV  
  50  43:46  Command Center  
  47  43:51  SCV  
  47  43:54  Siege Tank  
  49  44:17  SCV  
  48  44:29  SCV  
  49  44:36  Marine  
  49  44:37  Marine x4  
  54  44:54  Marine  
  54  44:57  Marine  
  50  45:13  Refinery  
  50  45:15  Marine  
  50  45:16  Refinery  
  51  45:21  Marine x2  
  51  45:22  Marine x3  
  56  45:31  SCV  
  56  45:32  Marine  
  58  45:39  Marine x2  
  58  45:42  Marine  
  61  45:43  SCV  
  61  45:48  Widow Mine  
  64  45:50  Marine  
  64  45:55  SCV  
  66  46:07  SCV  
  66  46:08  Marine  
  67  46:44  Engineering Bay  
  70  46:47  Siege Tank  
  70  46:56  Marine x5  
  75  47:13  Marine, Medivac  
  75  47:15  Marine x2  
  80  47:30  Medivac  
  82  47:37  Command Center  
  82  47:55  Marine  
  82  47:56  Medivac  
  81  48:03  Marine x4  
  81  48:31  Marine x3  
  84  48:55  Siege Tank  
  87  49:02  SCV  
  88  49:27  Siege Tank  
  91  49:50  Marine x3  
Show
View Real Time Build Order
Export as new Build Order

capac Terran 

Build Orders:  

Get SALT Encoding   

  12  0:00  SCV  
  13  0:13  SCV  
  14  0:18  Supply Depot  
  14  0:25  SCV  
  15  0:39  SCV  
  15  0:42  Barracks  
  16  0:46  Refinery  
  16  0:51  SCV  
  17  1:03  SCV  
  18  1:15  SCV  
  19  1:28  SCV  
  19  1:30  Barracks Reactor  
  20  1:37  Command Center  
  20  1:43  SCV  
  20  1:44  Supply Depot  
  21  1:55  Orbital Command  
  21  2:06  Marine x2  
  23  2:28  SCV  
  24  2:30  Factory  
  24  2:31  Refinery  
  24  2:33  Marine x2  
  24  2:34  Engineering Bay  
  26  2:42  SCV  
  27  2:51  Marine x2  
  27  2:52  Orbital Command  
  27  2:57  SCV  
  30  3:13  Marine x2  
  30  3:14  Factory Tech Lab  
  32  3:23  Barracks  
  32  3:27  Bunker  
  32  3:31  Marine x2  
  33  3:35  Starport  
  31  3:45  Siege Tank  
  34  3:54  Marine x2, SCV  
  34  3:55  SCV  
  29  4:22  Marine x2  
  30  4:28  Siege Tank  
  30  4:29  Marine  
  34  4:35  SCV x2  
  36  4:39  Marine  
  36  4:40  Marine  
  36  4:44  Starport Reactor  
  38  4:47  SCV  
  38  4:59  Marine x2  
  38  5:01  Marine  
  35  5:17  Marine x2  
  35  5:18  SCV  
  38  5:21  Supply Depot  
  38  5:25  Supply Depot  
  38  5:29  Marine  
  38  5:31  Supply Depot  
  38  5:33  SCV  
  38  5:43  SCV, Medivac x2  
  38  5:45  Marine  
  38  5:46  Marine  
  38  5:48  SCV  
  46  5:53  Barracks  
  46  5:55  SCV  
  46  5:56  Barracks Tech Lab  
  47  5:59  Siege Tank  
  47  6:00  SCV  
  47  6:03  Marine x2  
  53  6:07  SCV, Missile Turret  
  54  6:13  SCV  
  54  6:19  Marine, Missile Turret  
  54  6:21  Marine  
  56  6:29  Refinery  
  56  6:34  SCV x2  
  58  6:44  Marine x2, Barracks Reactor, Missile Turret  
  58  6:45  Marine  
  61  7:02  Supply Depot  
  61  7:05  Supply Depot, Marine  
  61  7:07  Stimpack  
  62  7:12  Refinery  
  62  7:24  SCV x2, Medivac  
  66  7:39  Marine x4  
  70  7:46  Marine  
  71  7:51  Missile Turret  
  71  7:57  Marine x4  
  75  8:00  Missile Turret  
  75  8:04  Marine  
  78  8:14  Supply Depot  
  78  8:17  Supply Depot  
  69  8:35  SCV  
  69  8:39  Viking x2, Marine x2  
  78  8:45  Missile Turret  
  78  8:48  Supply Depot  
  78  8:52  Marine, SCV  
  76  8:57  Marine x2  
  78  9:09  Viking x2, Marine, Siege Tank  
  81  9:45  Siege Tank  
  83  9:58  Liberator x2  
  83  10:07  Terran Infantry Weapons Level 1, Marine x3, Command Center  
  83  10:09  Command Center  
  86  10:15  Supply Depot  
  86  10:16  SCV x2  
  94  10:22  Supply Depot  
  94  10:45  Liberator x2  
  94  10:47  Marine x3, Missile Turret  
  94  10:48  Siege Tank  
  100  10:51  SCV x2  
  102  11:00  Supply Depot  
  102  11:03  SCV x2  
  110  11:11  Barracks  
  110  11:14  Marine x3  
  113  11:19  Supply Depot, SCV x2  
  105  11:32  Marine  
  106  11:46  Marine x2  
  108  11:50  Marine  
  109  11:57  SCV x2  
  111  12:04  Terran Infantry Armor Level 1  
  111  12:06  Marine x2, Armory  
  111  12:08  Marine  
  114  12:09  Barracks Reactor  
  114  12:15  SCV x2  
  116  12:16  Orbital Command  
  116  12:24  Marine x2, Siege Tank  
  116  12:29  Starport  
  121  12:30  Supply Depot  
  121  12:34  Engineering Bay, SCV x2  
  121  12:35  Supply Depot  
  123  12:44  Marine x3  
  123  12:46  SCV  
  127  12:51  Marine x2  
  127  12:53  Orbital Command  
  127  12:55  SCV  
  127  12:56  SCV  
  131  12:58  SCV  
  131  13:02  Marine  
  122  13:13  Viking x2  
  126  13:20  Marine x3  
  126  13:24  SCV  
  130  13:28  SCV x3  
  131  13:36  SCV  
  131  13:38  Marine x2  
  131  13:40  SCV  
  126  13:41  Missile Turret  
  126  13:48  SCV  
  126  13:51  Siege Tank  
  126  13:52  Marine  
  131  13:55  Marine  
  131  13:56  Marine  
  131  14:00  Starport Reactor, SCV  
  131  14:02  Viking x2  
  127  14:10  Factory  
  127  14:13  SCV  
  128  14:24  SCV  
  128  14:25  SCV  
  128  14:26  Refinery  
  128  14:27  Refinery  
  128  14:29  SCV  
  131  14:39  Liberator  
  131  14:40  Liberator x3  
  131  14:41  SCV  
  131  14:42  Marine x3  
  131  14:43  SCV x3  
  138  14:53  SCV  
  138  14:55  SCV x2  
  138  14:59  Marine  
  153  15:00  Marine x2  
  153  15:01  Factory Tech Lab  
  153  15:05  SCV  
  157  15:07  Terran Ship Weapons Level 1  
  157  15:10  Supply Depot  
  157  15:17  Marine x2, SCV  
  157  15:18  Marine  
  128  15:59  Marine x3  
  128  16:02  Siege Tank  
  128  16:03  Marine x2  
  131  16:17  Marine x2  
  128  16:23  Viking x4  
  134  16:46  Marine x5  
  139  16:52  Starport  
  139  16:53  Medivac x4  
  147  16:55  SCV x2  
  147  16:56  SCV  
  150  17:07  SCV  
  150  17:08  Command Center  
  151  17:12  Refinery  
  151  17:15  Siege Tank x2  
  157  17:18  Marine x2  
  157  17:19  Marine x3  
  162  17:27  Medivac x2  
  162  17:28  Medivac x2  
  170  17:36  Marine x3  
  173  17:41  Supply Depot x2  
  173  17:46  Marine x2  
  173  18:03  Siege Tank x2  
  175  18:52  Viking  
  175  18:53  Viking x3  
  183  19:28  Liberator x2  
  183  19:29  Liberator x2  
  175  19:43  Marine x3  
  175  19:44  Marine x2  
  158  19:48  Siege Tank x2  
  158  19:50  Starport Reactor, Terran Ship Weapons Level 2  
  176  19:54  Supply Depot  
  176  20:01  Marine x4  
  176  20:02  Marine  
  177  20:19  Marine x2  
  176  20:37  Marine x2  
  176  20:38  Marine x3  
  178  20:55  Marine x3  
  178  20:56  Marine  
  181  21:15  Marine  
  181  21:16  Marine x4  
  186  21:33  Marine x2  
  158  23:03  Orbital Command  
  156  23:13  Marine x5  
  156  23:15  Siege Tank  
  164  23:22  SCV  
  165  23:31  Marine x2  
  161  24:10  Marine x2  
  161  24:11  Marine x3  
  161  24:12  Siege Tank x2  
  161  24:28  Marine x3  
  161  24:29  Marine x2  
  159  24:44  Siege Tank  
  159  24:45  Siege Tank  
  165  24:46  Marine  
  166  25:03  Refinery  
  166  25:05  Refinery  
  164  25:27  Marine x4  
  164  25:28  Marine  
  168  25:45  Marine x3  
  168  25:49  Marine x2  
  173  26:03  Marine x3  
  176  26:06  Marine x2  
  178  26:13  Command Center  
  178  26:15  Missile Turret  
  178  26:37  Missile Turret  
  178  26:42  Marine x4  
  178  26:43  Marine  
  183  27:01  Missile Turret  
  183  27:11  Supply Depot  
  183  27:12  Barracks  
  183  27:14  Terran Infantry Weapons Level 2, Terran Infantry Armor Level 2  
  183  27:15  Barracks x2  
  183  27:28  Planetary Fortress  
  183  27:32  Missile Turret  
  183  27:35  Missile Turret  
  183  28:07  Refinery x2  
  183  28:08  Barracks Reactor x2  
  183  28:12  Barracks Reactor  
  183  28:33  Barracks  
  183  28:50  Siege Tank  
  183  28:51  Marine x4  
  183  28:52  Marine x2  
  182  30:03  Liberator x2  
  182  30:06  Command Center  
  182  30:08  Terran Infantry Weapons Level 3  
  182  30:10  Terran Infantry Armor Level 3  
  182  30:11  Terran Ship Weapons Level 3  
  182  30:13  Supply Depot, Missile Turret  
  182  30:14  Supply Depot  
  152  32:17  Medivac x4  
  152  32:18  Marine x7  
  152  32:19  Marine x4  
  166  32:35  Marine x2  
  166  32:36  Marine x6  
  174  32:40  Barracks Reactor  
  174  32:43  Barracks  
  174  33:47  Barracks Reactor  
  123  35:00  Marine x6  
  123  35:01  Marine x6  
  123  35:02  Marine  
  136  35:21  Marine  
  136  35:22  Marine x6  
  136  35:23  Marine x6  
  149  35:34  Refinery  
  139  36:28  Marine x3  
  139  36:31  Marine x3  
  139  36:32  Marine x3  
  146  36:46  Marine  
  147  36:52  Command Center  
  144  37:00  Marine x5  
  144  37:01  Marine x3  
  151  37:04  Marine  
  153  37:18  Marine x7  
  156  37:36  Marine x4  
  156  37:37  Marine  
  160  37:38  Marine x3  
  161  37:53  Marine  
  161  37:54  Marine x6  
  161  37:55  Marine x3  
  161  37:56  Marine x3  
  174  37:58  Siege Tank  
  177  38:11  Marine x2  
  96  40:45  Barracks Reactor  
  96  40:58  Missile Turret  
  96  41:09  Marine x2  
  98  41:41  Command Center  
  98  41:42  Barracks Reactor  
  98  41:58  Starport Reactor, Factory  
  98  42:08  Command Center  
  89  43:01  Barracks  
  89  43:03  SCV x2  
  91  43:15  SCV x2  
  90  44:25  Marine x2  
  90  44:26  Marine x5  
  86  44:43  Marine x2  
  88  44:48  Siege Tank  
  89  45:51  Missile Turret  
  89  45:54  Marine x4, Missile Turret  
  89  45:55  Marine x2  
  89  45:56  Missile Turret  
  86  46:41  Planetary Fortress  
  86  47:44  SCV  
  86  47:46  Orbital Command  
  84  48:09  Refinery  
  84  48:10  Refinery, SCV  
  85  48:16  SCV x2  
  87  48:22  SCV  
  88  48:35  SCV x2  
  88  48:37  Marine x2  
  88  48:38  Marine x5  
  97  48:45  Starport  
  97  48:47  SCV  
  98  48:52  SCV  
  99  48:59  SCV  
  99  49:00  Starport  
  100  49:04  SCV  
  100  49:09  SCV  
  102  49:11  SCV  
  102  49:16  SCV  
  104  49:21  SCV  
  92  49:33  SCV  
  93  49:45  Starport Reactor  
  93  49:48  Starport  
Tags
 
Add a new tag
Caveats
  • Supply blocks, unpowered buildings, or Contaminate may cause inaccurate times.
  • Supply counts are checked every 10 seconds.